[Event "Sunday 14 January 2nd Tour 7+2 Rounds 9 Starts 2200 ST"]
[Site "Infinity Chess"]
[Date "2018.1.15"]
[Round "9"]
[White "Vimtiroba"]
[Black "THE_MACHINE"]
[Result "1/2-1/2"]
[ECO "D31"]
[WhiteElo "2534"]
[BlackElo "2560"]
[WhiteEngine "CFish@13_CTG"]
[BlackEngine "Houdini 6"]
[EventType "Swiss"]
[WhiteTeam ""]
[BlackTeam ""]
[PlyCount "152"]
[TimeControl "420+2"]

1. d4 d5 2. c4 e6 3. Nc3 c6 4. Nf3 Nf6 5. g3 dxc4 6. Ne5 b5 7. Bg2 a6 
8. Nxc6 Qb6 9. Ne5 Bb7 10. e4 Bb4 11. O-O O-O 12. Re1 Rd8 13. Be3 Nbd7 
14. Qc2 Qc7 15. Nxd7 Qxd7 16. a3 Ba5 17. Rad1 Qe7 18. d5 exd5 19. exd5 Bxc3 
20. Bd2 Qc7 21. Bxc3 Nxd5 22. Be5 Qb6 23. Bd4 Qg6 24. Be4 Qh5 25. b3 Re8 
26. Bg2 Qg6 27. Qd2 c3 28. Bxc3 Nxc3 29. Bxb7 Nxd1 30. Bxa8 Rxa8 31. Qd5 Rc8 
32. Qd7 Rf8 33. Rxd1 h5 34. b4 h4 35. Rd4 hxg3 36. hxg3 Qc2 37. Rg4 Qc8 
38. Qd4 Qc1+ 39. Kg2 Qc6+ 40. Kh2 Qh6+ 41. Rh4 Qg6 42. Qc5 Rd8 43. Qe7 Rf8 
44. Rh8+ Kxh8 45. Qxf8+ Kh7 46. Qc8 f5 47. Kg2 Qf6 48. Qe8 Qh6 49. f4 Qg6 
50. Qd7 Qg4 51. Qd3 Qh5 52. Qd8 Qe2+ 53. Kh1 a5 54. Qh4+ Kg8 55. bxa5 Qe4+ 
56. Kh2 Qe2+ 57. Kg1 Qe3+ 58. Kf1 Qf3+ 59. Ke1 Qxa3 60. Qd8+ Kh7 61. Qh4+ Kg8 
62. Qd8+ Kh7 63. Kf2 Qc5+ 64. Ke1 Qe3+ 65. Kd1 b4 66. Qd5 Qg1+ 67. Kc2 Qf2+ 
68. Kb1 Qe1+ 69. Ka2 Qf2+ 70. Kb3 Qxg3+ 71. Kxb4 Qxf4+ 72. Kb5 Qb8+ 73. Ka4 Qe8+ 
74. Kb4 f4 75. Qf5+ Kh6 76. Qxf4+ Kg6 1/2-1/2

[Event "Sunday 14 January 2nd Tour 7+2 Rounds 9 Starts 2200 ST"]
[Site "Infinity Chess"]
[Date "2018.1.15"]
[Round "9"]
[White "xeonrocks"]
[Black "incredible"]
[Result "1/2-1/2"]
[ECO "B28"]
[WhiteElo "2584"]
[BlackElo "2516"]
[WhiteEngine "asmFishW_bmi2_CTG"]
[BlackEngine "Stockfish_x64_bmi2"]
[EventType "Swiss"]
[WhiteTeam ""]
[BlackTeam ""]
[PlyCount "201"]
[TimeControl "420+2"]

1. e4 c5 2. Nf3 a6 3. Nc3 d6 4. g3 Nc6 5. Bg2 Bg4 6. h3 Bxf3 7. Qxf3 g6 
8. e5 Bh6 9. exd6 Qxd6 10. Ne4 Qc7 11. Qc3 Nd4 12. b4 Rd8 13. Kf1 c4 14. d3 f5 
15. Ng5 Nf6 16. h4 Bg7 17. Bf4 Qc8 18. Re1 Nh5 19. Qxc4 Qxc4 20. dxc4 Nxc2 
21. Rc1 Nxb4 22. Rb1 Nxf4 23. gxf4 a5 24. a3 Nd3 25. Ne6 Rd6 26. Rh3 Rxe6 
27. Rxd3 Rd6 28. Rxd6 exd6 29. Bd5 Bf6 30. h5 gxh5 31. a4 Kd8 32. Rxb7 Bd4 
33. Rf7 h4 34. Rxf5 h5 35. Be4 Bc5 36. Rf7 h3 37. Bc6 Rg8 38. Rd7+ Kc8 
39. Rh7 Kd8 40. Rxh5 Rg4 41. f3 Rxf4 42. Bd5 Rd4 43. Ke2 Ke7 44. Rxh3 Kf6 
45. Rh7 Ke5 46. Re7+ Kf4 47. Rf7+ Ke5 48. Re7+ Kf4 49. Re8 Bb4 50. Rf8+ Ke5 
51. Rh8 Bd2 52. Re8+ Kf4 53. Kf2 Bc3 54. Rf8+ Ke5 55. Re8+ Kf4 56. Rf8+ Ke5 
57. Kg3 Be1+ 58. Kg2 Bd2 59. Rh8 Bf4 60. Kh3 Bd2 61. Re8+ Kf5 62. Ra8 Kf6 
63. Rg8 Kf5 64. Re8 Bb4 65. Kg3 Bd2 66. Ra8 Be1+ 67. Kg2 Bd2 68. Rh8 Ke5 
69. Kg3 Be1+ 70. Kg2 Bd2 71. Rd8 Bf4 72. Ra8 Rd2+ 73. Kh3 Kf5 74. Rf8+ Ke5 
75. Re8+ Kf5 76. Be4+ Kg5 77. Rg8+ Kh5 78. Rg2 Rxg2 79. Kxg2 Be3 80. Kh3 Bf4 
81. Bd5 Be3 82. Bc6 Kg5 83. Bd5 Bc1 84. Bc6 Be3 85. Bd7 Bf4 86. Be6 Be5 
87. Bd5 Kf4 88. Kh4 Bd4 89. Kh5 Bf2 90. Kg6 Ke5 91. Kg7 Bg3 92. Kg8 Kd4 
93. Kg7 Kc3 94. Kg6 Kb4 95. Bc6 Kxc4 96. Kf5 d5 97. f4 d4 98. Bb5+ Kb4 
99. Bf1 Kxa4 100. Ke5 d3 101. Bxd3 1/2-1/2

[Event "Sunday 14 January 2nd Tour 7+2 Rounds 9 Starts 2200 ST"]
[Site "Infinity Chess"]
[Date "2018.1.15"]
[Round "9"]
[White "RonWeasley"]
[Black "beka"]
[Result "1/2-1/2"]
[ECO "B95"]
[WhiteElo "2525"]
[BlackElo "2418"]
[WhiteEngine "BrainFish 130117_CTG"]
[BlackEngine "stockfish_18011309_x64_CTG"]
[EventType "Swiss"]
[WhiteTeam ""]
[BlackTeam ""]
[PlyCount "153"]
[TimeControl "420+2"]

1. e4 c5 2. Nf3 d6 3. d4 cxd4 4. Nxd4 Nf6 5. Nc3 a6 6. Bg5 e6 7. Qf3 Nbd7 
8. O-O-O Qc7 9. Bd3 b5 10. Rhe1 Be7 11. Qg3 h6 12. Bd2 b4 13. Nce2 Rb8 
14. Nf4 Nc5 15. Qxg7 Rg8 16. Qxh6 Nxd3+ 17. Nxd3 e5 18. Nf3 Be6 19. Bxb4 Rc8 
20. Re2 a5 21. Ba3 Qc4 22. b3 Qa6 23. Kb2 a4 24. g3 Rg4 25. Nd2 Rg6 26. Qe3 Ng4 
27. Qf3 Rf6 28. Qh1 Bd8 29. Nb1 Bb6 30. Rdd2 Bd4+ 31. c3 Qb6 32. Qd1 axb3 
33. axb3 Rb8 34. cxd4 Bxb3 35. Qc1 Qxd4+ 36. Nc3 Be6+ 37. Nb4 Rxb4+ 
38. Bxb4 Qxb4+ 39. Ka1 Rf3 40. Na2 Bxa2 41. Rxa2 Qd4+ 42. Kb1 Rb3+ 
43. Rab2 Rxb2+ 44. Rxb2 Qxe4+ 45. Qc2 Qe1+ 46. Ka2 Qa5+ 47. Kb3 Qb6+ 
48. Ka3 Qa7+ 49. Kb3 Qb6+ 50. Ka3 Qa5+ 51. Qa4+ Qxa4+ 52. Kxa4 Nxh2 53. Kb5 Kd7 
54. Kc4 Ke6 55. Kd3 f5 56. Ra2 Ng4 57. f4 Nf6 58. Ke2 Ng4 59. Kd2 Nf6 
60. Ke3 Ng4+ 61. Kd2 Nf6 62. Ke3 Ng4+ 63. Kd3 Nf6 64. Rg2 Ng4 65. Re2 Nf6 
66. Re3 Kd5 67. fxe5 dxe5 68. Ke2 e4 69. Ra3 Ke5 70. Ra8 Nd5 71. Rf8 Nf6 
72. Ra8 Nd5 73. Ke1 f4 74. gxf4+ Kxf4 75. Rf8+ Ke3 76. Ra8 Nf4 77. Kd1 1/2-1/2

[Event "Sunday 14 January 2nd Tour 7+2 Rounds 9 Starts 2200 ST"]
[Site "Infinity Chess"]
[Date "2018.1.15"]
[Round "8"]
[White "Coco69"]
[Black "miguello"]
[Result "1/2-1/2"]
[ECO "B06"]
[WhiteElo "2480"]
[BlackElo "2404"]
[WhiteEngine "asmfishw_2018-01-12_base_CTG"]
[BlackEngine "stockfish_18011309_x64_modern_CTG"]
[EventType "Swiss"]
[WhiteTeam ""]
[BlackTeam ""]
[PlyCount "119"]
[TimeControl "420+2"]

1. e4 g6 2. d4 Bg7 3. Nf3 d6 4. c4 Nf6 5. Nc3 O-O 6. Be2 e5 7. O-O Nc6 8. d5 Ne7 
9. Ne1 Nd7 10. f3 f5 11. Be3 f4 12. Bf2 g5 13. b4 a5 14. a3 Nf6 15. Rc1 h5 
16. c5 axb4 17. axb4 g4 18. b5 dxc5 19. Bxc5 b6 20. Bb4 Re8 21. Bc4 Kh7 
22. Rf2 Ra7 23. Ra2 Rxa2 24. Nxa2 Ng6 25. d6 cxd6 26. Qxd6 Qxd6 27. Bxd6 Bd7 
28. Bc7 Bf8 29. Nd3 Ra8 30. Bxb6 Bxb5 31. Bxb5 Rxa2 32. Bd8 Bg7 33. Bc4 Ra8 
34. Bc7 gxf3 35. gxf3 Ne8 36. Bb6 Nd6 37. Be6 Ra3 38. Rd1 Nb5 39. Bc5 Rc3 
40. Bf5 Kh6 41. Rb1 Nd4 42. Rb6 Nxf3+ 43. Kf2 Nfh4 44. Be7 Nxf5 45. exf5 Rxd3 
46. h4 Bh8 47. Rxg6+ Kh7 48. Rg5 Rd2+ 49. Ke1 Rc2 50. f6 Rc8 51. f7 Bg7 
52. Kf2 e4 53. Rf5 e3+ 54. Kf3 Bf8 55. Bxf8 Rxf8 56. Rxf4 Kg6 57. Kxe3 Rxf7 
58. Rxf7 Kxf7 59. Kf3 Ke7 60. Ke2 1/2-1/2

[Event "Sunday 14 January 2nd Tour 7+2 Rounds 9 Starts 2200 ST"]
[Site "Infinity Chess"]
[Date "2018.1.15"]
[Round "8"]
[White "Dovahkiin"]
[Black "ocirema"]
[Result "1/2-1/2"]
[ECO "A45"]
[WhiteElo "2422"]
[BlackElo "2471"]
[WhiteEngine "BrainFish_180113_x64_modern_CTG"]
[BlackEngine "asmFishW_2018-01-12_popcnt_CTG"]
[EventType "Swiss"]
[WhiteTeam ""]
[BlackTeam ""]
[PlyCount "140"]
[TimeControl "420+2"]

1. d4 Nf6 2. Bf4 d5 3. e3 c5 4. c3 e6 5. Nd2 Nc6 6. Ngf3 Bd6 7. Bg3 O-O 
8. Bd3 b6 9. Ne5 Bb7 10. Qe2 Qc7 11. Nxc6 Bxc6 12. Bxd6 Qxd6 13. Nf3 c4 
14. Bc2 b5 15. Ne5 Nd7 16. Nxc6 Qxc6 17. O-O Rab8 18. a3 Nf6 19. Rfe1 Qc7 
20. Qf3 e5 21. Qg3 Rfe8 22. e4 Rbc8 23. dxe5 Rxe5 24. exd5 Rxd5 25. Qxc7 Rxc7 
26. Rad1 Rxd1 27. Rxd1 Kf8 28. f3 g6 29. a4 Rb7 30. Rd2 a6 31. Kf2 Ke7 
32. g4 Rb6 33. axb5 axb5 34. g5 Nh5 35. Be4 f6 36. h4 Rd6 37. Rxd6 Kxd6 
38. Ke3 f5 39. Bb7 Ng7 40. f4 Ne6 41. Bf3 Kc5 42. h5 Kd6 43. h6 Kc5 44. Bg2 Nc7 
45. Ke2 Ne6 46. Ke3 Kd6 47. Bf3 Nc7 48. Kf2 Ke6 49. Kg3 Kf7 50. Bg2 Ke6 
51. Bc6 Ke7 52. Kf3 Ke6 53. Ke3 Kd6 54. Bf3 Ke6 55. Bb7 Kd7 56. Kd2 Ke7 
57. Bf3 Ne6 58. Ke3 Nc7 59. Kd4 Kd6 60. Ke3 Ke6 61. Bc6 Ke7 62. Bf3 Kd7 
63. Kf2 Ne6 64. Ke3 Nc7 65. Kd2 Ne6 66. Ke3 Kd6 67. Bg2 Nc5 68. Bf3 Ne6 
69. Bg2 Nc5 70. Bf3 Ne6 1/2-1/2

[Event "Sunday 14 January 2nd Tour 7+2 Rounds 9 Starts 2200 ST"]
[Site "Infinity Chess"]
[Date "2018.1.15"]
[Round "8"]
[White "incredible"]
[Black "MarioDeMonti"]
[Result "1-0"]
[ECO "D15"]
[WhiteElo "2501"]
[BlackElo "2474"]
[WhiteEngine "Stockfish_x64_bmi2"]
[BlackEngine "stockfish_x64_bmi2_2018_01_01_CTG"]
[EventType "Swiss"]
[WhiteTeam ""]
[BlackTeam ""]
[PlyCount "163"]
[TimeControl "420+2"]

1. d4 d5 2. c4 c6 3. Nf3 Nf6 4. Nc3 e6 5. Bg5 h6 6. Bxf6 Qxf6 7. e3 Nd7 
8. Bd3 dxc4 9. Bxc4 g6 10. O-O Bg7 11. e4 e5 12. d5 Nb6 13. Nd2 O-O 14. Bb3 Rd8 
15. Qe2 Bf8 16. Rad1 Bd7 17. h3 Bc5 18. Nf3 Rac8 19. Rfe1 Kg7 20. a3 a6 
21. Rd2 Re8 22. dxc6 Bxc6 23. Red1 Rc7 24. Rd3 Rec8 25. Ba2 Na4 26. Nd5 Bxd5 
27. Bxd5 Be7 28. g3 b5 29. Kg2 Kg8 30. Nh2 Qh8 31. Rf3 Bf8 32. Ng4 Qg7 
33. Nf6+ Kh8 34. Qd2 Nb6 35. Qa5 Nxd5 36. exd5 e4 37. Nxe4 Qxb2 38. d6 Rd7 
39. Qxa6 Qc2 40. Nf6 Rdd8 41. d7 Rc3 42. Rxc3 Qxc3 43. Qb6 Be7 44. Nd5 Qxa3 
45. Re1 Rxd7 46. Rxe7 Rxe7 47. Qf6+ Kh7 48. Nxe7 Qa2 49. Qd4 Qe6 50. Nd5 Kg8 
51. Kh2 h5 52. h4 f5 53. Qc5 Qe1 54. Qb6 Kf7 55. Qxb5 Qxf2+ 56. Kh3 Kg7 
57. Qa6 Qb2 58. Qa7+ Kh8 59. Qf7 Qg7 60. Qxg7+ Kxg7 61. Kg2 Kf7 62. Kf3 Ke6 
63. Nf4+ Kf7 64. Ke3 Kg7 65. Kd4 Kf6 66. Nxg6 Kf7 67. Nf4 Kg8 68. Nxh5 Kf7 
69. Ke5 Kg6 70. Nf4+ Kg7 71. Kxf5 Kf8 72. g4 Ke7 73. g5 Kd6 74. g6 Kc5 
75. g7 Kb4 76. Ke5 Kc5 77. g8=Q Kb5 78. Qb3+ Kc6 79. Ke6 Kc5 80. Nd5 Kd4 
81. Qc3+ Ke4 82. Qe3# 1-0

[Event "Sunday 14 January 2nd Tour 7+2 Rounds 9 Starts 2200 ST"]
[Site "Infinity Chess"]
[Date "2018.1.15"]
[Round "8"]
[White "RonWeasley"]
[Black "CoffeeOne"]
[Result "1/2-1/2"]
[ECO "C55"]
[WhiteElo "2524"]
[BlackElo "2552"]
[WhiteEngine "BrainFish 130117_CTG"]
[BlackEngine "Houdini 6"]
[EventType "Swiss"]
[WhiteTeam ""]
[BlackTeam ""]
[PlyCount "55"]
[TimeControl "420+2"]

1. e4 e5 2. Nf3 Nc6 3. Bc4 Nf6 4. d3 Bc5 5. c3 d6 6. Bb3 a5 7. O-O h6 8. Re1 O-O 
9. h3 Re8 10. a4 Bd7 11. Na3 Be6 12. Nc4 Qd7 13. Bd2 Ba7 14. Be3 Bxe3 
15. Nxe3 Bxb3 16. Qxb3 Rad8 17. Rad1 b6 18. Qc4 Ne7 19. g3 Qxh3 20. Qxc7 Ng6 
21. Qxb6 Nh5 22. Nf5 Ngf4 23. gxf4 Nxf4 24. N3h4 Qg4+ 25. Kf1 Qh3+ 26. Kg1 Qg4+ 
27. Kf1 Qh3+ 28. Kg1 1/2-1/2

[Event "Sunday 14 January 2nd Tour 7+2 Rounds 9 Starts 2200 ST"]
[Site "Infinity Chess"]
[Date "2018.1.15"]
[Round "8"]
[White "Seliga"]
[Black "Vimtiroba"]
[Result "1/2-1/2"]
[ECO "C53"]
[WhiteElo "2513"]
[BlackElo "2535"]
[WhiteEngine "SF@130118_CTG"]
[BlackEngine "CFish@13_CTG"]
[EventType "Swiss"]
[WhiteTeam ""]
[BlackTeam ""]
[PlyCount "127"]
[TimeControl "420+2"]

1. e4 e5 2. Nf3 Nc6 3. Bc4 Bc5 4. c3 Nf6 5. d3 d6 6. O-O a5 7. Nbd2 O-O 
8. h3 Be6 9. Bb5 h6 10. Re1 Qb8 11. Re2 Qa7 12. Nf1 a4 13. Ng3 Qa5 14. Bxc6 bxc6 
15. Nh4 Rfe8 16. Re1 d5 17. exd5 cxd5 18. Rxe5 Bf8 19. Qc2 c5 20. Bd2 c4 
21. Ree1 Nd7 22. d4 a3 23. b3 cxb3 24. axb3 Nf6 25. Nf3 Qc7 26. Ra2 Ne4 
27. Nxe4 dxe4 28. Rxe4 Bxb3 29. Rxe8 Bxc2 30. Rxa8 Be4 31. R2xa3 Bxa8 
32. Rxa8 g5 33. Nh2 Kg7 34. Nf1 f6 35. f3 Qc6 36. Ra7+ Kg6 37. f4 Qb6 
38. Ra8 Bd6 39. fxg5 hxg5 40. Re8 Qb5 41. Re6 Qa6 42. Re3 Qa2 43. Re1 Qc2 
44. Re6 Bb8 45. Re7 Qb2 46. Rd7 Qb5 47. Re7 Qd5 48. Re1 Qb3 49. Re3 Bd6 
50. Rf3 f5 51. c4 Qd1 52. c5 Be7 53. c6 Bd8 54. Rg3 Qa4 55. Bxg5 Bxg5 
56. c7 Qxd4+ 57. Kh2 Qd7 58. h4 Qxc7 59. Kh3 f4 60. Rxg5+ Kh7 61. Rh5+ Kg6 
62. Rg5+ Kh7 63. Rh5+ Kg6 64. Rg5+ 1/2-1/2

[Event "Sunday 14 January 2nd Tour 7+2 Rounds 9 Starts 2200 ST"]
[Site "Infinity Chess"]
[Date "2018.1.15"]
[Round "8"]
[White "Thor"]
[Black "CrossingJordan"]
[Result "1/2-1/2"]
[ECO "C50"]
[WhiteElo "2581"]
[BlackElo "2497"]
[WhiteEngine "asmFishW_bmi2"]
[BlackEngine "asmFishW_2017-12-20_bmi2_CTG"]
[EventType "Swiss"]
[WhiteTeam ""]
[BlackTeam ""]
[PlyCount "77"]
[TimeControl "420+2"]

1. e4 e5 2. Nf3 Nc6 3. Bc4 Bc5 4. O-O Nf6 5. d3 d6 6. c3 a5 7. Re1 Ba7 
8. Nbd2 O-O 9. Nf1 Be6 10. Bb5 Ne7 11. d4 exd4 12. Nxd4 Ng6 13. Ba4 h6 
14. Nxe6 fxe6 15. Be3 Bxe3 16. Nxe3 Kh8 17. Rf1 Nxe4 18. Bc2 d5 19. Bxe4 dxe4 
20. Qa4 Nf4 21. Qxe4 Qd3 22. Qxd3 Nxd3 23. Rab1 Rfd8 24. Rfd1 Rd6 25. Nc4 Rd5 
26. Ne3 Rd6 27. Rd2 Kg8 28. g3 a4 29. Nc4 Rd5 30. Rbd1 Rad8 31. Ne3 R5d6 
32. b4 b5 33. Kf1 Kf7 34. a3 Ke7 35. Ke2 Nc1+ 36. Ke1 Nd3+ 37. Ke2 Nc1+ 
38. Ke1 Nd3+ 39. Ke2 1/2-1/2

[Event "Sunday 14 January 2nd Tour 7+2 Rounds 9 Starts 2200 ST"]
[Site "Infinity Chess"]
[Date "2018.1.15"]
[Round "8"]
[White "THE_MACHINE"]
[Black "Thinker"]
[Result "1/2-1/2"]
[ECO "C50"]
[WhiteElo "2563"]
[BlackElo "2500"]
[WhiteEngine "Houdini 6"]
[BlackEngine "BrainFish_180106_x64_modern_CTG"]
[EventType "Swiss"]
[WhiteTeam ""]
[BlackTeam ""]
[PlyCount "146"]
[TimeControl "420+2"]

1. e4 e5 2. Nf3 Nc6 3. Bc4 Bc5 4. O-O Nf6 5. d3 d6 6. c3 O-O 7. h3 a6 8. Re1 Ba7 
9. a4 h6 10. Nbd2 Re8 11. b4 Be6 12. Bxe6 Rxe6 13. Qc2 Qd7 14. Rb1 Ree8 
15. Nf1 b5 16. Be3 Bxe3 17. Nxe3 Ne7 18. c4 Ng6 19. Kh2 Nf4 20. Red1 bxa4 
21. Ra1 a5 22. b5 Ne6 23. Rxa4 Nc5 24. Ra3 a4 25. Rb1 c6 26. Nf5 Rac8 
27. bxc6 Qxc6 28. Qd2 Qc7 29. N3h4 Re6 30. Rb5 Rb8 31. Qb4 Ra8 32. Nf3 Qd8 
33. Qb1 h5 34. Ng3 Re7 35. Ne2 Ne8 36. Nc3 Nc7 37. Rb4 N7e6 38. g3 g6 
39. Kg2 Kg7 40. Rb5 Rea7 41. Nd5 Ra5 42. Qb4 Kh8 43. Qb2 Nb3 44. Rb7 Kg7 
45. Rb4 Nec5 46. Qc3 Ne6 47. Kh2 Nec5 48. d4 Nxe4 49. Qe3 Nf6 50. dxe5 Nxd5 
51. cxd5 dxe5 52. Qxe5+ Qf6 53. Qe2 Qd6 54. Qe4 Qc5 55. Kg2 Qd6 56. Rbxa4 Rxa4 
57. Rxa4 Rxa4 58. Qxa4 Qxd5 59. Qf4 Nc5 60. Qe5+ Qxe5 61. Nxe5 Kf6 62. f4 Ne6 
63. Kf2 h4 64. Kf3 hxg3 65. Kxg3 Ke7 66. Nf3 f6 67. Kg4 f5+ 68. Kg3 Kf6 
69. h4 Kg7 70. Ne5 Kh6 71. Nf3 Kg7 72. Ne5 Kf6 73. Nf3 Kg7 1/2-1/2

[Event "Sunday 14 January 2nd Tour 7+2 Rounds 9 Starts 2200 ST"]
[Site "Infinity Chess"]
[Date "2018.1.15"]
[Round "8"]
[White "SkyPilot"]
[Black "xeonrocks"]
[Result "1/2-1/2"]
[ECO "C55"]
[WhiteElo "2541"]
[BlackElo "2586"]
[WhiteEngine "stockfish_x64_bmi2_2018_01_01_CTG"]
[BlackEngine "asmFishW_bmi2_CTG"]
[EventType "Swiss"]
[WhiteTeam ""]
[BlackTeam ""]
[PlyCount "130"]
[TimeControl "420+2"]

1. e4 e5 2. Nf3 Nc6 3. Bc4 Nf6 4. d3 Bc5 5. c3 d6 6. O-O a5 7. Re1 Ba7 
8. Nbd2 O-O 9. h3 Be6 10. Bb5 Ne7 11. d4 Ng6 12. Ba4 Nh5 13. Nf1 Nhf4 
14. Ng3 exd4 15. Nxd4 Bxd4 16. cxd4 d5 17. Qf3 Qh4 18. Bc2 c6 19. Bxf4 Qxf4 
20. Qxf4 Nxf4 21. e5 Ra6 22. Ne2 g5 23. Nxf4 gxf4 24. Rad1 Rc8 25. Rd2 Rb6 
26. Rc1 Kg7 27. Bd1 Rb4 28. Be2 f6 29. exf6+ Kxf6 30. Rc3 Re8 31. a3 Rb6 
32. Kh2 Kg7 33. Rc5 Ra8 34. Bd1 Bf5 35. b3 Be4 36. Rc3 Re8 37. g3 fxg3+ 
38. Kxg3 Ra6 39. Re3 Raa8 40. Bg4 Bg6 41. Rxe8 Rxe8 42. Re2 Rxe2 43. Bxe2 Kf6 
44. Kf4 b6 45. b4 axb4 46. axb4 h6 47. Bg4 Bc2 48. Bc8 Bd3 49. f3 Bc4 50. h4 Be2 
51. Ke3 Bb5 52. f4 Kg6 53. f5+ Kg7 54. Kf4 Kf6 55. Bb7 Ba4 56. Kg4 c5 
57. dxc5 bxc5 58. bxc5 d4 59. Kh5 d3 60. Bf3 d2 61. Kxh6 d1=Q 62. Bxd1 Bxd1 
63. c6 Ba4 64. c7 Bd7 65. Kh7 Bc8 1/2-1/2

[Event "Sunday 14 January 2nd Tour 7+2 Rounds 9 Starts 2200 ST"]
[Site "Infinity Chess"]
[Date "2018.1.15"]
[Round "8"]
[White "beka"]
[Black "Murx"]
[Result "1-0"]
[ECO "A53"]
[WhiteElo "2397"]
[BlackElo "2533"]
[WhiteEngine "stockfish_18011309_x64_CTG"]
[BlackEngine "BrainFish_171226_x64_modern"]
[EventType "Swiss"]
[WhiteTeam ""]
[BlackTeam ""]
[PlyCount "197"]
[TimeControl "420+2"]

1. d4 Nf6 2. c4 d6 3. Nf3 g6 4. Nc3 Bg7 5. e4 O-O 6. Be2 e5 7. O-O Nc6 8. d5 Ne7 
9. Ne1 Ne8 10. f3 f5 11. Be3 f4 12. Bf2 g5 13. c5 Rf6 14. Nd3 Rg6 15. Rc1 h5 
16. Kh1 Kh7 17. b4 g4 18. Qe1 gxf3 19. gxf3 Bf6 20. a4 a6 21. Rg1 Bh3 
22. Bf1 Bd7 23. cxd6 Rxg1+ 24. Bxg1 cxd6 25. Nb2 Ng6 26. Nc4 Kh6 27. Qd1 Be7 
28. Nb6 Rb8 29. b5 axb5 30. Nxb5 Nh8 31. Qd2 Nf7 32. Qg2 Ng5 33. Nxd7 Qxd7 
34. Bf2 Rc8 35. Rxc8 Qxc8 36. h4 Nxf3 37. Qxf3 Nf6 38. Be2 Ng4 39. Kg2 Kg7 
40. Qh3 Kh6 41. Nc3 Kh7 42. a5 Bd8 43. Nb5 Qd7 44. Be1 Ne3+ 45. Kh2 Ng4+ 
46. Kg1 Be7 47. Na3 Qc8 48. Nc4 Qc5+ 49. Kg2 Qb5 50. Qd3 Qe8 51. Qb3 Qg8 
52. Qf3 Qe8 53. Qh3 Qg6 54. Kf1 Kh6 55. Qg2 Qg8 56. Bb4 Qc8 57. Kg1 Kh7 
58. Qh3 Bf8 59. Qb3 Qd8 60. Be1 Qc8 61. Qc3 Qe8 62. Kh1 Qa4 63. Qb4 Qa1 
64. Qxb7+ Kg8 65. Qb4 Qd4 66. Qc3 Qxe4+ 67. Bf3 Qb1 68. Na3 Qb7 69. Qd3 Nf6 
70. Nc4 Kg7 71. a6 Qxa6 72. Nxe5 Qxd3 73. Nxd3 Be7 74. Nxf4 Nd7 75. Kg2 Kh6 
76. Nxh5 Kg6 77. Kh3 Ne5 78. Be2 Nd7 79. Ng3 Nc5 80. h5+ Kf6 81. Kg4 Bd8 
82. Bc3+ Kf7 83. Bf3 Na4 84. Bb4 Kg8 85. Bxd6 Nb6 86. Kf5 Kg7 87. Bf4 Bf6 
88. h6+ Kf7 89. d6 Bd4 90. Bc6 Nc8 91. Ne4 Bb2 92. Be5 Bxe5 93. Ng5+ Kg8 
94. d7 Nd6+ 95. Kxe5 Nf7+ 96. Nxf7 Kh7 97. d8=Q Kg6 98. Qg5+ Kh7 99. Qg7# 1-0

[Event "Sunday 14 January 2nd Tour 7+2 Rounds 9 Starts 2200 ST"]
[Site "Infinity Chess"]
[Date "2018.1.15"]
[Round "7"]
[White "CoffeeOne"]
[Black "MedusaV2"]
[Result "1-0"]
[ECO "A40"]
[WhiteElo "2541"]
[BlackElo "2425"]
[WhiteEngine "Houdini 6"]
[BlackEngine "corchess_1.8.1_x64"]
[EventType "Swiss"]
[WhiteTeam ""]
[BlackTeam ""]
[PlyCount "77"]
[TimeControl "420+2"]

1. d4 e6 2. e4 d5 3. Nc3 Nf6 4. e5 Nfd7 5. f4 c5 6. Nf3 Nc6 7. Be3 Be7 
8. Qd2 O-O 9. dxc5 Nxc5 10. O-O-O a6 11. Kb1 b6 12. h4 Qc7 13. Bd3 Nb4 
14. Bxh7+ Kxh7 15. Ng5+ Kg8 16. Qe2 g6 17. Rh3 Bb7 18. a3 Nxc2 19. Qxc2 Bxg5 
20. hxg5 Kg7 21. f5 gxf5 22. g4 Rh8 23. Rxh8 Rxh8 24. gxf5 Ne4 25. Nxe4 Qxc2+ 
26. Kxc2 dxe4 27. fxe6 Bc6 28. exf7 Kxf7 29. Rd6 Bb5 30. Kd2 Re8 31. Rf6+ Kg7 
32. Bf4 Bc4 33. Rxb6 Re6 34. Rb8 Bd5 35. Ke3 Rc6 36. Rd8 Bb3 37. Rd6 Ba4 
38. Kxe4 Rc4+ 39. Ke3 1-0

[Event "Sunday 14 January 2nd Tour 7+2 Rounds 9 Starts 2200 ST"]
[Site "Infinity Chess"]
[Date "2018.1.15"]
[Round "7"]
[White "Dovahkiin"]
[Black "Coco69"]
[Result "1/2-1/2"]
[ECO "A45"]
[WhiteElo "2419"]
[BlackElo "2483"]
[WhiteEngine "BrainFish_180113_x64_modern_CTG"]
[BlackEngine "asmfishw_2018-01-12_base_CTG"]
[EventType "Swiss"]
[WhiteTeam ""]
[BlackTeam ""]
[PlyCount "88"]
[TimeControl "420+2"]

1. d4 Nf6 2. Bf4 d5 3. e3 e6 4. Nd2 c5 5. c3 Nc6 6. Bd3 Bd6 7. dxc5 Bxc5 
8. Ngf3 O-O 9. O-O Re8 10. b4 Bb6 11. Ne5 Nxe5 12. Bxe5 Bc7 13. Bxc7 Qxc7 
14. Rc1 Qe7 15. Qb3 b6 16. c4 dxc4 17. Nxc4 Bb7 18. Qb2 Rec8 19. Ne5 Nd7 
20. Nxd7 Qxd7 21. Rxc8+ Rxc8 22. Rd1 Qa4 23. Rd2 Qe8 24. Rc2 h6 25. f3 Rxc2 
26. Qxc2 Qd8 27. Qc3 f5 28. a3 Qd6 29. Bc4 Kf7 30. h3 h5 31. h4 Bxf3 
32. gxf3 Qg3+ 33. Kf1 Qxf3+ 34. Ke1 Qg3+ 35. Kd1 Qxh4 36. Kd2 Qf2+ 37. Kc1 Qg1+ 
38. Kd2 Qg2+ 39. Kd3 h4 40. Qd4 Qf1+ 41. Kc2 Qf2+ 42. Kd3 Qf1+ 43. Kc2 Qf2+ 
44. Kd3 Qf1+ 1/2-1/2

[Event "Sunday 14 January 2nd Tour 7+2 Rounds 9 Starts 2200 ST"]
[Site "Infinity Chess"]
[Date "2018.1.15"]
[Round "7"]
[White "ocirema"]
[Black "miguello"]
[Result "1/2-1/2"]
[ECO "B06"]
[WhiteElo "2474"]
[BlackElo "2401"]
[WhiteEngine "asmFishW_2018-01-12_popcnt_CTG"]
[BlackEngine "stockfish_18011309_x64_modern_CTG"]
[EventType "Swiss"]
[WhiteTeam ""]
[BlackTeam ""]
[PlyCount "55"]
[TimeControl "420+2"]

1. e4 g6 2. d4 Bg7 3. Nc3 d6 4. Be3 a6 5. Qd2 Nd7 6. h4 Ngf6 7. O-O-O Ng4 
8. h5 Nxe3 9. Qxe3 c5 10. Nf3 cxd4 11. Nxd4 b5 12. g4 e6 13. g5 b4 14. Nc6 Qc7 
15. Nxb4 Bb7 16. Bb5 O-O 17. hxg6 axb5 18. Qh3 h6 19. Rdg1 fxg6 20. Qxe6+ Rf7 
21. Nxb5 Qa5 22. Nxd6 Bxb2+ 23. Kxb2 Qxb4+ 24. Ka1 Qd4+ 25. Kb1 Qb4+ 
26. Ka1 Qc3+ 27. Kb1 Qb4+ 28. Ka1 1/2-1/2

[Event "Sunday 14 January 2nd Tour 7+2 Rounds 9 Starts 2200 ST"]
[Site "Infinity Chess"]
[Date "2018.1.15"]
[Round "7"]
[White "MarioDeMonti"]
[Black "RonWeasley"]
[Result "1/2-1/2"]
[ECO "C11"]
[WhiteElo "2472"]
[BlackElo "2526"]
[WhiteEngine "stockfish_x64_bmi2_2018_01_01_CTG"]
[BlackEngine "BrainFish 130117_CTG"]
[EventType "Swiss"]
[WhiteTeam ""]
[BlackTeam ""]
[PlyCount "72"]
[TimeControl "420+2"]

1. e4 e6 2. d4 d5 3. Nc3 Nf6 4. e5 Nfd7 5. f4 c5 6. Nf3 Nc6 7. Be3 cxd4 
8. Nxd4 Qb6 9. a3 Bc5 10. Na4 Qa5+ 11. c3 Bxd4 12. Bxd4 Nxd4 13. Qxd4 b6 
14. Qb4 Qxb4 15. axb4 Bb7 16. Bb5 Ke7 17. b3 f6 18. Nb2 fxe5 19. Bxd7 Kxd7 
20. fxe5 Rhf8 21. Rf1 Rxf1+ 22. Kxf1 a5 23. bxa5 Rxa5 24. Rxa5 bxa5 25. Nd3 Ba6 
26. Ke2 Kc6 27. Kd2 Bxd3 28. Kxd3 h5 29. Kd4 g5 30. g3 g4 31. Ke3 Kc5 
32. Kd3 Kb6 33. Kd4 Kb5 34. Kd3 Kb6 35. Kd4 Kb5 36. Kd3 Kb6 1/2-1/2

[Event "Sunday 14 January 2nd Tour 7+2 Rounds 9 Starts 2200 ST"]
[Site "Infinity Chess"]
[Date "2018.1.15"]
[Round "7"]
[White "incredible"]
[Black "Vimtiroba"]
[Result "1/2-1/2"]
[ECO "D31"]
[WhiteElo "2500"]
[BlackElo "2536"]
[WhiteEngine "Stockfish_x64_bmi2"]
[BlackEngine "CFish@13_CTG"]
[EventType "Swiss"]
[WhiteTeam ""]
[BlackTeam ""]
[PlyCount "141"]
[TimeControl "420+2"]

1. d4 d5 2. c4 e6 3. Nc3 c6 4. Nf3 Nf6 5. Bg5 h6 6. Bxf6 Qxf6 7. e3 Nd7 
8. Bd3 dxc4 9. Bxc4 g6 10. O-O Bg7 11. e4 e5 12. d5 Nb6 13. Nd2 O-O 14. Bb3 h5 
15. Qe2 Bg4 16. f3 Bd7 17. Qf2 Qe7 18. Nc4 Nxc4 19. Bxc4 Qb4 20. Bb3 Rfd8 
21. Rad1 a5 22. dxc6 bxc6 23. Qh4 Qb6+ 24. Qf2 Qc7 25. Na4 Be8 26. Qb6 Rdc8 
27. Qxc7 Rxc7 28. Rd6 Kh7 29. Rfd1 Bf8 30. Rd8 Rcc8 31. Rxc8 Rxc8 32. Kf1 Rb8 
33. Rc1 Rb5 34. Bc4 Rb8 35. Rc2 Be7 36. Kf2 Kg7 37. Bd3 f6 38. b3 Kf7 
39. Bc4+ Kf8 40. Ke2 Bb4 41. Bd3 Ke7 42. Nb2 Ra8 43. Na4 Rd8 44. Nb6 Kf7 
45. Nc4 Ra8 46. Rc1 Ke6 47. Nb6 Rb8 48. Nc4 Ra8 49. Nb6 Rb8 50. Nc4 Kf7 
51. h4 Kg7 52. Rc2 Ra8 53. Nb6 Rd8 54. Nc4 Ra8 55. Nb2 g5 56. g3 Ra7 
57. Nc4 gxh4 58. gxh4 a4 59. bxa4 Rxa4 60. Ne3 Bf7 61. Bc4 Bxc4+ 62. Nxc4 Kg6 
63. Ne3 c5 64. Nd5 Ra3 65. Ne3 Kh7 66. Nc4 Ra4 67. Nd6 Ra3 68. Nf5 Kg6 
69. Ne3 Ra6 70. Kd3 Ra3+ 71. Ke2 1/2-1/2